 Dungeon Crawl Stone Soup version 0.18.1-50-g88ac8fd (webtiles) character file.

3408 recordrepeat the Shield-Bearer (level 10, -9/86 HPs)
             Began as a Hill Orc Fighter on Oct 28, 2016.
             Mangled by lokibrotherofthor's ghost (20 damage)
             ... on level 8 of the Dungeon on Oct 29, 2016.
             The game lasted 00:29:41 (6869 turns).

recordrepeat the Shield-Bearer (Hill Orc Fighter)   Turns: 6869, Time: 00:29:42

Health: -9/86      AC: 13    Str: 22    XL:     10   Next: 4%
Magic:  10/10      EV: 12    Int:  8    God:
Gold:   432        SH: 11    Dex: 11    Spells: 0 memorised, 9 levels left

rFire  + . .     SeeInvis .     g - +1 flail (drain)
rCold  . . .     Gourm    .     E - +0 swamp dragon armour
rNeg   . . .     Faith    .     c - +0 shield
rPois  +         Spirit   .     (no helmet)
rElec  .         Dismiss  +     l - +0 cloak
rCorr  .         Reflect  .     (no gloves)
SustAt .         Harm     .     u - +2 pair of boots
MR     .....                    H - amulet of dismissal
Stlth  ++........               J - ring of stealth
                                y - ring of protection from fire

@: not resistant to hostile enchantments, unstealthy
A: no striking features
a: no special abilities


You were on level 8 of the Dungeon.
You were not hungry.

You visited 1 branch of the dungeon, and saw 8 of its levels.

You collected 432 gold pieces.

Inventory:

Hand Weapons
 a - a +0 war axe
 g - a +1 flail of draining (weapon)
 z - a +1 morningstar of holy wrath
 K - a +1 long sword of holy wrath
Armour
 b - a +1 leather armour of fire resistance
 c - a +0 shield (worn)
 l - a +0 cloak (worn)
 u - a +2 pair of boots (worn)
 B - a +0 chain mail
 E - a +0 swamp dragon armour (worn)
Jewellery
 y - a ring of protection from fire (left hand)
 D - an uncursed ring of sustain attributes
 H - an amulet of dismissal (around neck)
 J - a ring of stealth (right hand)
Wands
 w - a wand of confusion (20/48)
 A - a wand of iceblast (4/15)
Scrolls
 e - 3 scrolls of remove curse
 i - a scroll of teleportation {unknown}
 k - 3 scrolls of recharging {unknown}
 m - 5 scrolls of identify {unknown}
 r - 3 scrolls of enchant weapon {unknown}
 x - 2 scrolls of immolation {unknown}
 C - a scroll of noise {unknown}
 M - a scroll of vulnerability {unknown}
 N - a scroll of blinking {unknown}
Potions
 d - 2 potions of might
 j - 2 potions of ambrosia {unknown}
 n - a potion of heal wounds {unknown}
 q - a potion of resistance {unknown}
 s - 4 potions of flight {unknown}
 v - 3 potions of curing {unknown}
 F - 2 potions of beneficial mutation {unknown}
 G - a potion of degeneration {unknown}
 I - a potion of agility {unknown}
Books
 L - a Young Poisoner's Handbook

   Spells                             Type                      Level
   a - Sting                          Conjuration/Poison           1
   b - Cure Poison                    Poison                       2
   c - Mephitic Cloud                 Conjuration/Poison/Air       3
   d - Olgreb's Toxic Radiance        Poison                       4
   e - Venom Bolt                     Conjuration/Poison           5
Comestibles
 f - 10 bread rations
 h - 5 slices of pizza
 o - 6 meat rations
 p - a beef jerky
 t - 5 chunks of flesh


   Skills:
 + Level 7.1 Fighting
 + Level 5.6(7.2) Axes
 + Level 5.8(6.6) Maces & Flails
 + Level 6.7 Armour
 + Level 5.8 Dodging
 + Level 1.4 Stealth
 + Level 7.7 Shields


You had 9 spell levels left.
You didn't know any spells.

Dungeon Overview and Level Annotations

Branches:
Dungeon (8/15)             Temple (0/1) D:6
   Lair: D:8-11

Altars:
Ashenzari
Fedhas
Makhleb
Okawaru
Ru
Yredelemnul
Zin

Shops:
D:7 %

Annotations:
D:4 4 runed doors
D:8 lokibrotherofthor's ghost, novice TrMo


Message History

You block lokibrotherofthor's ghost's attack.
You barely miss lokibrotherofthor's ghost.
Lokibrotherofthor's ghost is almost destroyed.
Lokibrotherofthor's ghost barely misses you.
You barely miss lokibrotherofthor's ghost.
Lokibrotherofthor's ghost is almost destroyed.
You block lokibrotherofthor's ghost's attack.
You hit lokibrotherofthor's ghost.
Lokibrotherofthor's ghost is almost destroyed.
Lokibrotherofthor's ghost barely misses you.
You miss lokibrotherofthor's ghost.
Lokibrotherofthor's ghost is almost destroyed.
Lokibrotherofthor's ghost hits you!
* * * LOW HITPOINT WARNING * * *
You hit lokibrotherofthor's ghost but do no damage.
Lokibrotherofthor's ghost is almost destroyed.
Lokibrotherofthor's ghost shrieks, "Do you think the gods will protect you?"
You block lokibrotherofthor's ghost's attack.
Lokibrotherofthor's ghost hits you!!
You die...

#........ #./......
#.>...... #........
#.....# #.....# .#
#########.....##.#
#.W...........##.#
#@########..####.#
#.# #.. ....##.#
#.# ##.#####....#
#.####..#...#..#..
#)##....#...#.....
##.##.##.#...##.#.)
#..#..#⌠.##'##)⌠#..
#.....#.......÷÷#..
#..###.#........###


You could see lokibrotherofthor's ghost.

Vanquished Creatures
  Maurice (D:8)
  A spriggan (D:7)
  Edmund (D:4)
  An orc warrior (D:6)
  4 ice beasts
  5 ogres
  A phantom (D:7)
  3 centaurs
  Blork the orc (D:5)
  2 giant frogs
  A gnoll sergeant (D:3)
  A wyvern skeleton (D:8)
  7 howler monkeys (D:7)
  4 jellies
  2 crimson imps
  2 hounds (D:4)
  6 orc wizards
  2 centaur skeletons
  2 giant frog skeletons
  An iguana (D:6)
  Ijyb (D:4)
  Terence (D:2)
  8 worker ants
  A hound skeleton (D:4)
  2 howler monkey zombies (D:6)
  3 adders
  8 gnolls
  A shadow imp (D:6)
  An ooze (D:5)
  2 worms
  2 dart slugs (D:1)
  3 giant geckos
  19 orcs
  5 giant cockroaches
  11 goblins
  7 hobgoblins
  20 jackals
  2 quokkas (D:5)
  3 ball pythons
  4 bats
  6 giant newts
  4 kobolds
  2 quokka skeletons (D:4)
  A quokka zombie (D:6)
  4 rats
  A fungus (D:4)
  A toadstool (D:1)
171 creatures vanquished.

Vanquished Creatures (others)
  3 toadstools (D:1)
3 creatures vanquished.

Grand Total: 174 creatures vanquished

Notes
Turn   | Place    | Note
--------------------------------------------------------------
     0 | D:1      | recordrepeat the Hill Orc Fighter began the quest for the Orb.
     0 | D:1      | Reached XP level 1. HP: 19/19 MP: 1/1
   128 | D:1      | Reached XP level 2. HP: 24/27 MP: 2/2
   158 | D:1      | HP: 1/27 [jackal (2)]
   734 | D:1      | Reached XP level 3. HP: 29/33 MP: 3/3
  1025 | D:2      | Noticed Terence
  1035 | D:2      | Killed Terence
  1035 | D:2      | Reached skill level 1 in Dodging
  1035 | D:2      | Reached XP level 4. HP: 39/40 MP: 4/4
  1198 | D:2      | Found a faded altar to an unknown god.
  1812 | D:2      | Found a burning altar of Makhleb.
  2017 | D:3      | Reached XP level 5. HP: 46/46 MP: 5/5
  2322 | D:3      | Reached XP level 6. HP: 52/53 MP: 6/6
  2473 | D:4      | Found a large runed door.
  2473 | D:4      | Found a large runed door.
  2753 | D:4      | Found a blossoming altar of Fedhas.
  2757 | D:4      | Noticed Edmund
  2772 | D:4      | Killed Edmund
  2772 | D:4      | Reached skill level 5 in Axes
  2772 | D:4      | Reached XP level 7. HP: 56/60 MP: 7/7
  2848 | D:4      | Reached skill level 5 in Shields
  2988 | D:4      | Reached skill level 5 in Fighting
  3013 | D:4      | Found a large runed door.
  3013 | D:4      | Found a large runed door.
  3155 | D:4      | Reached skill level 5 in Armour
  3174 | D:4      | Reached skill level 1 in Maces & Flails
  3388 | D:4      | Reached XP level 8. HP: 68/68 MP: 8/8
  3392 | D:4      | Noticed Ijyb
  3407 | D:4      | Killed Ijyb
  3482 | D:5      | Entered Level 5 of the Dungeon
  3773 | D:5      | Noticed Blork the orc
  3785 | D:5      | Killed Blork the orc
  3816 | D:5      | Found an iron altar of Okawaru.
  4320 | D:6      | Found a glowing silver altar of Zin.
  4441 | D:6      | Found a staircase to the Ecumenical Temple.
  4645 | D:6      | Reached XP level 9. HP: 75/75 MP: 9/9
  4931 | D:6      | Found a basalt altar of Yredelemnul.
  5196 | D:6      | Reached skill level 1 in Stealth
  5504 | D:7      | Found a sacrificial altar of Ru.
  5682 | D:7      | Found Notaon's Food Shop.
  5745 | D:7      | Reached skill level 5 in Dodging
  5884 | D:7      | Reached skill level 5 in Maces & Flails
  6590 | D:8      | Found a shattered altar of Ashenzari.
  6592 | D:8      | Noticed Maurice
  6655 | D:8      | Killed Maurice
  6655 | D:8      | Reached XP level 10. HP: 86/86 MP: 10/10
  6715 | D:8      | Noticed lokibrotherofthor's ghost (novice TrMo)
  6744 | D:8      | HP: 4/86 [lokibrotherofthor's ghost (15)]
  6869 | D:8      | Mangled by lokibrotherofthor's ghost

Skill      XL: |  1  2  3  4  5  6  7  8  9 |
---------------+----------------------------+-----
Axes           | 3 4 5 |  5.6
Fighting       | 4 5 6 7 |  7.1
Dodging        | 1 2 4 5 |  5.8
Shields        | 4 5 6 7 |  7.7
Armour         | 4 5 6 |  6.7
Maces & Flails | 1 3 5 |  5.8
Stealth        | 1 |  1.4

Action                   |  1- 3 |  4- 6 |  7- 9 | 10-12 || total
-------------------------+-------+-------+-------+-------++-------
Melee: War axe           |   102 |   170 |       |       ||   272
       Flail             |       |       |   447 |    49 ||   496
  Use: Scroll            |       |       |     1 |       ||     1
       Potion            |       |       |       |     1 ||     1
 Stab: Sleeping          |       |       |     1 |       ||     1
  Eat: Chunk             |     1 |     5 |    12 |     1 ||    19
       Royal jelly       |       |       |     1 |       ||     1
Armor: Scale mail        |    49 |    86 |     3 |       ||   138
       Chain mail        |       |       |    38 |       ||    38
       Swamp dragon armo |       |       |   133 |     6 ||   139
Dodge: Dodged            |    43 |    58 |   156 |    11 ||   268
Block: Shield            |    60 |    98 |   208 |    33 ||   399
